 Dungeon Crawl Stone Soup version 0.21.1-1-g345015f (webtiles) character file.

42 Fang the Skirmisher (level 3, -1/24 HPs)
             Began as a Gargoyle Berserker on Apr 19, 2018.
             Was a Follower of Trog.
             Slain by kinenseiburu's ghost (3 damage)
             ... while paralysed
             ... on level 3 of the Dungeon on Apr 23, 2018.
             The game lasted 00:03:13 (1528 turns).

Fang the Skirmisher (Gargoyle Berserker)            Turns: 1528, Time: 00:03:14

Health: -1/24      AC:  5    Str: 21    XL:     3   Next: 54%
Magic:  3/3        EV:  2    Int:  7    God:    Trog [*.....]
Gold:   146        SH:  0    Dex:  9    Spells: 2/2 levels left

rFire    . . .     SeeInvis .   a - +0 hand axe
rCold    . . .     Gourm    .   (no shield)
rNeg     + . .     Faith    .   b - +0 animal skin
rPois    ∞         Spirit   .   (no helmet)
rElec    +         Reflect  .   (no cloak)
rCorr    .         Harm     .   (no gloves)
MR       .....                  (no boots)
Stlth    +.........             (no amulet)
HPRegen  0.08/turn              (no ring)
MPRegen  0.08/turn              (no ring)

@: paralysed, fainting
A: negative energy resistance 1, electricity resistance, unbreathing,
petrification resistance, rot immunity, AC +3
a: Berserk, Burn Spellbooks, Renounce Religion


You were on level 3 of the Dungeon.
You worshipped Trog.
Trog was aware of your devotion.
You were fainting.

You visited 1 branch of the dungeon, and saw 3 of its levels.

You collected 146 gold pieces.

Inventory:

Hand Weapons
 a - a +0 hand axe (weapon)
Armour
 b - a +0 animal skin (worn)
Jewellery
 l - an uncursed ring of resist corrosion {unknown}
Scrolls
 d - 5 scrolls of teleportation {unknown}
 e - 2 scrolls of magic mapping {unknown}
 f - 2 scrolls of remove curse {unknown}
 j - a scroll of random uselessness {unknown}
 k - a scroll of enchant armour {unknown}
 m - a scroll of amnesia {unknown}
 n - a scroll of identify {unknown}
Potions
 g - a potion of curing {unknown}
 h - a potion of lignification {unknown}
 i - a potion of resistance {unknown}
Comestibles
 c - 2 rations


   Skills:
 + Level 3.8 Fighting
 + Level 3.3 Axes
 + Level 2.6 Armour
 + Level 1.7 Dodging
 + Level 0.4 Stealth


You had 2 spell levels left.
You didn't know any spells.

Dungeon Overview and Level Annotations

Branches:
Dungeon (3/15)

Altars:
Vehumet

Annotations:
D:3 kinenseiburu's ghost, amateur CeHu


Innate Abilities, Weirdness & Mutations

You are resistant to torment.
Your stone body is resilient. (AC +3)
You are immune to poison.
You resist negative energy. (rN+)
You are resistant to electric shocks. (rElec)
You can survive without breathing.
You are immune to petrification.
You are immune to rotting.


Message History

You hit the giant cockroach.
You kill the giant cockroach!
Trog accepts your kill.
You now have 146 gold pieces (gained 11).
Found 10 gold pieces.
Kinenseiburu's ghost (amateur Centaur Hunter) comes into view.
Kinenseiburu's ghost turns its malevolent gaze towards you.
Found a robe.
Found an escape hatch in the ceiling.
You lose consciousness!
Kinenseiburu's ghost hits you but does no damage.
Kinenseiburu's ghost hits you. x3
Kinenseiburu's ghost hits you but does no damage.
Kinenseiburu's ghost hits you!
* * * LOW HITPOINT WARNING * * *
Kinenseiburu's ghost hits you but does no damage.
Kinenseiburu's ghost hits you.
* * * LOW HITPOINT WARNING * * *
Kinenseiburu's ghost whispers, "It is all a dream - a grotesque and foolish dream."
Kinenseiburu's ghost hits you.
You die...

###### # ....#
#[###### ..#.#
.....## #.#.# <...
#.#.#
#.##W############.#.#
#$..@................
#.##.############.#.#
#.# #.#.# #.# #.#.#
#.# #.#.# #.# #.#.#
#.# #<#.# #.. ###.#


You could see kinenseiburu's ghost.

Vanquished Creatures
  2 oozes (D:1)
  A dart slug (D:1)
  An orc (D:3)
  3 giant cockroaches
  8 goblins
  2 kobolds (D:1)
  4 bats
  3 frilled lizards
  7 rats
31 creatures vanquished.

Notes
Turn   | Place    | Note
-------+----------+-------------------------------------------
     0 | D:1      | Fang the Gargoyle Berserker began the quest for the Orb.
     0 | D:1      | Reached XP level 1. HP: 14/14 MP: 1/1
    53 | D:1      | Reached XP level 2. HP: 19/19 MP: 2/2
   337 | D:1      | Reached XP level 3. HP: 19/23 MP: 3/3
  1095 | D:3      | Found a radiant altar of Vehumet.
  1515 | D:3      | Noticed kinenseiburu's ghost (amateur CeHu)
  1517 | D:3      | Paralysed by fainting for 12 turns
  1528 | D:3      | Slain by kinenseiburu's ghost

Skill      XL: |  1  2 |
---------------+-------+-----
Axes           | 3 |  3.3
Fighting       | |  3.8
Armour         | |  2.6
Dodging        | |  1.7
Stealth        | |  0.4

Action                   || total
-------------------------++-------
Melee: Hand axe          ||   112
Invok: Berserk           ||     1
 Stab: Sleeping          ||     1
Armor: Animal skin       ||    49
Dodge: Dodged            ||    71
